 Dungeon Crawl Stone Soup version 0.22.1-2-g9c5b331383 (webtiles) character file.

36 Flugkiller the Skirmisher (level 3, -3/39 HPs)
             Began as an Ogre Warper on Dec 5, 2018.
             Slain by a worm (12 damage)
             ... on level 2 of the Dungeon.
             The game lasted 00:02:37 (1445 turns).

Flugkiller the Skirmisher (Ogre Warper)             Turns: 1445, Time: 00:02:38

Health: -3/39      AC:  3    Str: 15    XL:     3   Next: 37%
Magic:  6/6        EV: 10    Int: 15    God:
Gold:   72         SH:  0    Dex:  8    Spells: 6/7 levels left

rFire    . . .     SeeInvis .   a - +0 short sword
rCold    . . .     Gourm    .   (no shield)
rNeg     . . .     Faith    .   b - +0 robe
rPois    .         Spirit   .   (helmet restricted)
rElec    .         Reflect  .   (no cloak)
rCorr    .         Harm     .   (gloves unavailable)
MR       .....                  (boots unavailable)
Stlth    +.........             (no amulet)
HPRegen  0.13/turn              (no ring)
MPRegen  0.10/turn              (no ring)

@: no status effects
A: large, unfitting armour, tough skin 1
a: no special abilities


You were on level 2 of the Dungeon.
You were not hungry.

You visited 1 branch of the dungeon, and saw 2 of its levels.

You collected 72 gold pieces.

Inventory:

Hand Weapons
 a - a +0 short sword (weapon)
Missiles
 e - 5 tomahawks of dispersal (quivered)
Armour
 b - a +0 robe (worn)
Jewellery
 i - an uncursed amulet of rage {unknown}
Scrolls
 d - a scroll of blinking
 g - 3 scrolls of remove curse {unknown}
 j - 3 scrolls of identify {unknown}
 k - a scroll of teleportation {unknown}
 n - a scroll of random uselessness {unknown}
Potions
 c - a potion of haste {unknown}
 h - a potion of might {unknown}
 l - 2 potions of curing {unknown}
Comestibles
 f - 7 rations
 m - 2 chunks of flesh


   Skills:
 + Level 3.8 Fighting
 - Level 2.3 Short Blades
 - Level 1.1 Throwing
 - Level 2.2 Dodging
 - Level 2.5 Spellcasting
 + Level 0.6 Hexes
   Level 2.6 Translocations


You had 6 spell levels left.
You knew the following spells:

 Your Spells              Type           Power        Failure   Level  Hunger
a - Confusing Touch       Hex            #.....       17%         1    #......

Your spell library contained the following spells:

 Spells                   Type           Power        Failure   Level  Hunger
 Blink                    Tloc           N/A          11%         2    ###....
 Shroud of Golubria       Chrm/Tloc      #.........   19%         2    ###....
 Gell's Gravitas          Tloc           #.........   22%         3    ###....
 Lesser Beckoning         Tloc           #.........   22%         3    ###....
 Teleport Other           Tloc           #.......     22%         3    ###....
 Confuse                  Hex            #.......     45%         3    ###....
 Passage of Golubria      Tloc           N/A          56%         4    #####..
 Petrify                  Tmut/Erth      #.......     91%         4    #####..
 Metabolic Englaciation   Hex/Ice        #.........   99%         5    ######.
 Yara's Violent Unravell  Hex/Tmut       #.........   99%         5    ######.


Dungeon Overview and Level Annotations

Branches:
Dungeon (2/15)

Altars:


Innate Abilities, Weirdness & Mutations

You are too large for most types of armour.
You have tough skin. (AC +1)


Message History

The worm bites you!
* * * LOW HITPOINT WARNING * * *
You hit the worm.
The worm is almost dead.
Unknown command.
You barely miss the worm.
The worm is almost dead.
The worm misses you.
Unknown command.
You barely miss the worm.
The worm is almost dead.
You barely miss the worm.
The worm is almost dead.
The worm bites you.
* * * LOW HITPOINT WARNING * * *
Unknown command.
You hit the worm but do no damage.
The worm is severely wounded.
The worm bites you!
You die...

##### ##...####### ##...........
###[.....)####. #######
#.w...(......# ......#
#.#.......##.#
#####.#############.##.....###.#
# #...........@w..###...## #.# #
################# ##.## #g# ###
#.# #.# ..# ... ... #.# # ## #.#
#.# #


You could see a worm.

Vanquished Creatures
  An adder (D:2)
  A worm (D:2)
  A dart slug (D:2)
  A leopard gecko (D:1)
  A ball python (D:2)
  2 goblins (D:1)
  4 hobgoblins
  5 jackals
  A quokka zombie (D:2)
  A rat (D:2)
18 creatures vanquished.

Notes
Turn   | Place    | Note
-------+----------+-------------------------------------------
     0 | D:1      | Flugkiller the Ogre Warper began the quest for the Orb.
     0 | D:1      | Reached XP level 1. HP: 22/22 MP: 3/3
   266 | D:1      | Reached XP level 2. HP: 29/29 MP: 5/5
   387 | D:1      | Reached skill level 3 in Fighting
  1239 | D:2      | Learned a level 1 spell: Confusing Touch
  1307 | D:2      | Reached XP level 3. HP: 37/37 MP: 6/6
  1445 | D:2      | Slain by a worm

Skill      XL: |  1  2 |
---------------+-------+-----
Fighting       | 3 |  3.8
Short Blades   | 2 |  2.3
Throwing       | |  1.1
Dodging        | |  2.2
Spellcasting   | |  2.5
Hexes          | |  0.6
Translocations | |  2.6

Action                   || total
-------------------------++-------
Melee: Short sword       ||    89
       Unarmed           ||     4
 Cast: Confusing Touch   ||     3
 Stab: Confused          ||     1
  Eat: Chunk             ||     2
Armor: Robe              ||    16
Dodge: Dodged            ||    31
